 Dungeon Crawl Stone Soup version 0.22-a0-274-gf8199ec82f (webtiles) character file.

109 RedPan the Insei (level 4, 0/37 HPs)
             Began as a Demonspawn Monk on Mar 14, 2018.
             Slain by a worm (12 damage)
             ... on level 2 of the Dungeon.
             The game lasted 00:02:48 (2467 turns).

RedPan the Insei (Demonspawn Monk)                  Turns: 2467, Time: 00:02:49

Health: 0/37       AC:  2    Str: 12    XL:     4   Next: 60%
Magic:  4/4        EV: 14    Int: 11    God:
Gold:   55         SH:  0    Dex: 16    Spells: 3/3 levels left

rFire    . . .     SeeInvis .     - Unarmed
rCold    . . .     Gourm    .   (no shield)
rNeg     . . .     Faith    .   a - +0 robe
rPois    .         Spirit   .   (helmet restricted)
rElec    .         Reflect  .   (no cloak)
rCorr    .         Harm     .   (no gloves)
MR       .....                  (no boots)
Stlth    ++........             (no amulet)
HPRegen  0.12/turn              (no ring)
MPRegen  0.09/turn              (no ring)

@: no status effects
A: antennae 1, powered by pain 1
a: no special abilities


You were on level 2 of the Dungeon.
You were hungry.

You visited 1 branch of the dungeon, and saw 2 of its levels.

You collected 55 gold pieces.

Inventory:

Armour
 a - a +0 robe (worn)
Jewellery
 j - an uncursed amulet of harm {unknown}
Scrolls
 c - a scroll of remove curse {unknown}
 d - a scroll of teleportation {unknown}
 f - a scroll of fog {unknown}
 g - 2 scrolls of enchant weapon {unknown}
 h - a scroll of fear {unknown}
 i - a scroll of magic mapping {unknown}
Potions
 e - a potion of heal wounds {unknown}
Comestibles
 b - 4 rations


   Skills:
 + Level 3.7 Fighting
 + Level 3.3 Dodging
 - Level 1.7 Stealth
 * Level 4.0 Unarmed Combat


You had 3 spell levels left.
You didn't know any spells.

Dungeon Overview and Level Annotations

Branches:
Dungeon (2/15)

Altars:

Annotations:
D:2 Natasha


Innate Abilities, Weirdness & Mutations

You have a pair of small antennae on your head.
You sometimes gain a little power by taking damage.


Message History

You hit the worm.
The worm is severely wounded.
You hit the worm.
The worm is almost dead.
The worm bites you.
You hit the worm but do no damage.
The worm is severely wounded.
You hit the worm but do no damage.
The worm is severely wounded.
The worm bites you.
* * * LOW HITPOINT WARNING * * *
You hit the worm.
The worm is almost dead.
The worm closely misses you.
You completely miss the worm.
The worm is almost dead.
You hit the worm.
The worm is almost dead.
The worm bites you!
You die...

#. ≈≈≈≈≈≈. #. ≈≈≈≈≈≈w #.
≈≈≈≈≈.. ≈≈≈≈≈.. ≈♣≈≈≈w≈ ####
_≈≈≈K.. ....
.≈≈≈≈≈≈#######################
≈≈≈≈≈≈≈.....w@................
≈≈≈≈≈≈.#######################
≈≈≈≈≈.. ≈≈..≈≈. ≈≈≈.≈..
#######


You could see a worm.

Vanquished Creatures
  Jessica (D:2)
  Terence (D:2)
  Robin (D:2)
  An adder (D:2)
  An ooze (D:1)
  A worm (D:2)
  A dart slug (D:1)
  6 goblins
  5 hobgoblins
  2 jackals (D:1)
  6 kobolds
  A bat (D:1)
  A frilled lizard (D:1)
  4 rats (D:1)
32 creatures vanquished.

Notes
Turn   | Place    | Note
-------+----------+-------------------------------------------
     0 | D:1      | RedPan the Demonspawn Monk began the quest for the Orb.
     0 | D:1      | Reached XP level 1. HP: 18/18 MP: 1/1
   331 | D:1      | Reached skill level 3 in Unarmed Combat
   354 | D:1      | Gained mutation: You sometimes gain a little power by taking damage. [demonic ancestry]
   354 | D:1      | Reached XP level 2. HP: 13/24 MP: 2/2
  1117 | D:2      | Noticed Robin
  1466 | D:2      | Noticed Jessica
  1478 | D:2      | Killed Jessica
  1478 | D:2      | Gained mutation: You have a pair of small antennae on your head. [demonic ancestry]
  1478 | D:2      | Reached XP level 3. HP: 25/29 MP: 3/3
  1762 | D:2      | Killed Robin
  1762 | D:2      | Reached XP level 4. HP: 9/36 MP: 4/4
  1791 | D:2      | Noticed Natasha
  2061 | D:2      | Noticed Terence
  2077 | D:2      | Killed Terence
  2351 | D:2      | Found a faded altar of an unknown god.
  2379 | D:2      | Reached skill level 4 in Unarmed Combat
  2467 | D:2      | Slain by a worm

Vault maps used:
D:1:      dpeg_arrival_water_altar, interstate_on_off
D:2:      chequers_ecumenical_altar_island, first_ration, serial_bayou_ford_a,
          uniq_jessica, uniq_natasha, uniq_terence, uniq_robin

Skill      XL: |  1  2  3  4 |
---------------+-------------+-----
Unarmed Combat | 3 4 |  4.0
Dodging        | 3 |  3.3
Fighting       | |  3.7
Stealth        | |  1.7

Action                   |  1- 3 |  4- 6 || total
-------------------------+-------+-------++-------
Melee: Unarmed           |   121 |    59 ||   180
       Punch             |     3 |     1 ||     4
  Use: Potion            |     3 |       ||     3
 Stab: Sleeping          |     4 |     1 ||     5
  Eat: Chunk             |     2 |     2 ||     4
Armor: Robe              |    14 |     1 ||    15
       Skin              |       |    13 ||    13
Dodge: Dodged            |    69 |    21 ||    90

Table legend:
 A = Spawn XP
 B = Non-spawn XP
 C = Spawn XP percentage of total XP
 D = Spawn monster count
 E = Non-spawn monster count
 F = Spawn count percentage of total count
 G = Total turns spent on level
                    A         B        C        D         E        F      G
               +---------+---------+-------+---------+---------+-------+---------
         Total |       0 |     157 |   0.0 |       0 |      32 |   0.0 |  2467
               +---------+---------+-------+---------+---------+-------+---------
           D:1 |       0 |      33 |   0.0 |       0 |      17 |   0.0 |  1154
           D:2 |       0 |     124 |   0.0 |       0 |      15 |   0.0 |  1313
               +---------+---------+-------+---------+---------+-------+---------
